AoeStats
← GORGORY

Arabia

504605704Analyzed
1v1 RM · 28d ago on Sep 5, 2026· 49m 6s· 2 players
Game mode
Random Map
Map size
Tiny (2 player)
Population
200
Speed
Normal
Resources
Standard
Victory
Conquest
Starting age
Dark Age
Ending age
Imperial Age
RankedLock teamsTeams togetherTeam positionsShared explorationLock speedFull tech treeHidden civsTurbo modeCheats
Victory
Defeat
🇦🇷 Ethiopians · Argentina
1009
+14
🇳🇿 Italians · New Zealand
971
-14
GORGORY
5:54 Loom
9:05 Feudal Age
9:38 Double-Bit Axe
9:50 Horse Collar
14:32 Wheelbarrow
18:44 Castle Age
17:35 Stone Mining
18:01 Gold Mining
20:29 Bow Saw
20:16 Town Watch
22:37 Fervor
24:45 Heavy Plow
25:36 Scale Mail Armor
28:06 Hand Cart
27:59 Squires
27:44 Arson
28:51 Forging
30:47 Ballistics
30:23 Murder Holes
32:17 Town Patrol
36:31 Imperial Age
34:58 Royal Heirs
35:35 Chain Mail Armor
36:21 Gold Shaft Mining
37:18 Stone Shaft Mining
36:51 Elite Shotel Warrior
38:00 Conscription
37:13 Capped Ram
38:47 Thumb Ring
38:03 Crossbowman
39:36 Arbalester
40:20 Fletching
40:31 Padded Archer Armor
41:11 Bodkin Arrow
42:26 Two-Man Saw
42:09 Plate Mail Armor
42:14 Iron Casting
44:02 Bracer
44:17 Leather Archer Armor
46:13 Sanctity
45:42 Halberdier
46:13 Siege Ram
48:59 Blast Furnace
48:30 Ring Archer Armor
funnyprofilename
8:39 Loom
10:25 Feudal Age
15:12 Castle Age
13:19 Double-Bit Axe
13:17 Horse Collar
17:08 Bow Saw
23:49 Fletching
29:33 Imperial Age
26:41 Light Cavalry
27:36 Scale Barding Armor
27:48 Bodkin Arrow
28:45 Wheelbarrow
28:50 Bloodlines
28:41 Husbandry
30:25 Chain Barding Armor
30:39 Ballistics
30:30 Masonry
32:05 Forging
32:22 Conscription
35:37 Bracer
35:32 Gold Mining
35:44 Heavy Plow
37:39 Plate Barding Armor
37:05 Padded Archer Armor
38:51 Iron Casting
40:36 Hussar
43:07 Architecture
43:11 Elite Skirmisher
47:52 Thumb Ring
48:48 Crop Rotation
49:31 Leather Archer Armor
Connection lost

Rejoining the realm…

Still unreachable

The connection could not be restored.

Session expired

The server has moved on; the page needs a fresh start.